 Dungeon Crawl Stone Soup version 0.30-b1-2-g02819fbbbe (webtiles) character file.

Game seed: 8252865834231109608

423692 dorian the Formicid Blade (level 24, -6/182 HPs)
             Began as a Formicid Fighter on May 17, 2023.
             Was the Champion of Wu Jian.
             Mangled by an azure jelly (7 damage)
             ... created by the Royal Jelly
             ... on level 5 of the Pits of Slime.
             The game lasted 02:30:04 (54710 turns).

dorian the Formicid Blade (Formicid Fighter)       Turns: 54710, Time: 02:30:05

Health: -6/182     AC: 35    Str: 19    XL:     24   Next: 92%
Magic:  23/23      EV: 12    Int: 25    God:    Wu Jian [******]
Gold:   3432       SH: 19    Dex: 25    Spells: 18/23 levels left

rFire   + . .        o - +9 demon blade (flame)
rCold   + + .        m - +1 kite shield
rNeg    + . .        P - +12 crystal plate armour {rC+}
rPois   +            (helmet unavailable)
rElec   +            c - scarf {shadows}
rCorr   +            l - +0 pair of gloves "Sech" {rPois Regen+ Str-5 Dex+8}
SInv    +            U - +2 pair of boots {Stlth+}
Will    +++..        k - amulet of regeneration Stlth
                     G - ring of Naedaxe {rN+ Will+ EV+5 Int+8 Dex-3}
HPRegen 2.10/turn    s - ring "Bojaud" {rF+ rCorr Dex+7 Slay+4 Stlth-}
MPRegen 0.18/turn

%: no passive effects
@: mighty, resistant, corroded, in a heavenly storm, glowing, studying Throwing
A: permanent stasis, dig shafts and tunnels, antennae 3, four strong arms, frail
1, heat vulnerability 1
}: 2/15 runes: decaying, gossamer
a: Dig, Shaft Self, Renounce Religion, Wall Jump, Serpent's Lash, Heavenly Storm


You were on level 5 of the Pits of Slime.
You worshipped Wu Jian.
Wu Jian was exalted by your worship.
You visited 9 branches of the dungeon, and saw 43 of its levels.
You also visited: Sewer, Ossuary, Bailey, Gauntlet, Ice Cave and Volcano.

You collected 6029 gold pieces.
You spent 2597 gold pieces at shops.

Inventory:

Hand Weapons
 o - a +9 demon blade of flaming (weapon)
 p - the +12 morningstar "Talemm" {drain, Fly Str+4 Dex-3}
   (You took it off a hell knight on level 2 of the Depths)

   Str:       It affects your strength (+4).
   Dex:       It affects your dexterity (-3).
   Fly:       It grants you flight.
 V - a +6 triple sword of freezing
Missiles
 f - 8 silver javelins (quivered)
 j - 11 javelins
 t - 19 boomerangs
 E - 6 silver boomerangs
Armour
 c - a scarf of shadows (worn)
 l - the +0 pair of gloves "Sech" (worn) {rPois Regen+ Str-5 Dex+8}
   (You found it on level 5 of the Lair of Beasts)

   Str:       It affects your strength (-5).
   Dex:       It affects your dexterity (+8).
   rPois:     It protects you from poison.
   Regen:     It increases your rate of health regeneration.
 m - a +1 kite shield (worn)
 O - the +4 plate armour of Okawaru's Supremacy {+Inv rPois Will++ Dex-3}
   (You found it on level 4 of the Swamp)

   Dex:       It affects your dexterity (-3).
   rPois:     It protects you from poison.
   +Inv:      It lets you turn invisible.
   Will:      It greatly increases your willpower.
 P - a +12 crystal plate armour of cold resistance (worn)
 U - a +2 pair of boots of stealth (worn)
Magical Staves
 u - a staff of earth
Jewellery
 k - an amulet of regeneration (around neck)
 s - the ring "Bojaud" (right hand) {rF+ rCorr Dex+7 Slay+4 Stlth-}
   (You bought it in a shop on level 1 of the Depths)

   [ring of resist corrosion]

   Dex:       It affects your dexterity (+7).
   Slay:      It affects your accuracy & damage with ranged weapons and melee
   (+4).
   rF:        It protects you from fire.
   rCorr:     It protects you from acid and corrosion.
   Stlth:     It makes you less stealthy.
 y - a +6 ring of intelligence
 A - an amulet of reflection
 F - the ring of Xom's Fair Game {rElec rF+ Str+6 Dex+5}
   (You acquired it on level 8 of the Dungeon)

   [ring of strength]

   Str:       It affects your strength (+6).
   Dex:       It affects your dexterity (+5).
   rF:        It protects you from fire.
   rElec:     It insulates you from electricity.
 G - the ring of Naedaxe (left hand) {rN+ Will+ EV+5 Int+8 Dex-3}
   (You found it in a Gauntlet)

   [ring of evasion]

   EV:        It affects your evasion (+5).
   Int:       It affects your intelligence (+8).
   Dex:       It affects your dexterity (-3).
   rN:        It protects you from negative energy.
   Will:      It increases your willpower.
Wands
 a - a wand of mindburst (12)
 h - a wand of quicksilver (15)
 x - a wand of paralysis (33)
 N - a wand of flame (107)
 X - a wand of digging (12)
 Z - a wand of iceblast (31)
Scrolls
 g - 6 scrolls of poison
 n - 11 scrolls of amnesia
 w - 3 scrolls of fear
 C - 7 scrolls of immolation
 H - a scroll of brand weapon
 I - 9 scrolls of fog
 K - 6 scrolls of enchant weapon
 M - 3 scrolls of magic mapping
 Q - 5 scrolls of summoning
 R - 3 scrolls of silence
Potions
 b - 10 potions of magic
 d - 4 potions of might
 e - 14 potions of curing
 i - 5 potions of invisibility
 q - 10 potions of attraction
 r - 3 potions of heal wounds
 v - 9 potions of mutation
 z - 10 potions of flight
 D - 7 potions of ambrosia
 J - a potion of resistance
 L - 3 potions of cancellation
 S - 2 potions of brilliance
Miscellaneous
 B - a lightning rod (4/4)
 T - a phial of floods
 Y - a phantom mirror


   Skills:
 * Level 19.9 Fighting
 + Level 23.5 Long Blades
 * Level 11.7 Throwing
 + Level 23.4 Armour
 + Level 20.4 Shields
 - Level 11.8 Evocations


You had 18 spell levels left.
You knew the following spells:

 Your Spells              Type           Power      Damage    Failure   Level
a - Stone Arrow           Conj/Erth      0%         3d7       100%        3
b - Passwall              Tmut/Erth      0%         N/A       99%         2

Your spell library contained the following spells:

 Spells                   Type           Power      Damage    Failure   Level
 Apportation              Tloc           0%         N/A       98%         1
 Necrotise                Necr           0%         1d4       98%         1
 Sandblast                Erth           0%         2d4       98%         1
 Shock                    Conj/Air       0%         1d3       98%         1
 Summon Small Mammal      Summ           0%         N/A       98%         1
 Ensorcelled Hibernation  Hex/Ice        0%         N/A       99%         2
 Lesser Beckoning         Tloc           0%         N/A       99%         2
 Momentum Strike          Conj/Tloc      0%         3d8       99%         2
 Poisonous Vapours        Pois/Air       0%         N/A       99%         2
 Sublimation of Blood     Necr           0%         N/A       99%         2
 Confusing Touch          Hex            0%         N/A       100%        3
 Dazzling Flash           Conj/Hex       0%         N/A       100%        3
 Gell's Gravitas          Tloc           0%         N/A       100%        3
 Inner Flame              Hex/Fire       0%         N/A       100%        3
 Mephitic Cloud           Conj/Pois/Air  0%         N/A       100%        3
 Spider Form              Tmut/Pois      0%         N/A       100%        3
 Summon Guardian Golem    Hex/Summ       0%         N/A       100%        3
 Teleport Other           Tloc           0%         N/A       100%        3
 Vampiric Draining        Necr           0%         2d6       100%        3
 Airstrike                Air            0%         2d(0-16)  100%        4
 Anguish                  Hex/Necr       0%         N/A       100%        4
 Animate Armour           Summ/Erth      0%         N/A       100%        4
 Manifold Assault         Tloc           0%         N/A       100%        4
 Passage of Golubria      Tloc           0%         N/A       100%        4
 Petrify                  Tmut/Erth      0%         N/A       100%        4
 Summon Ice Beast         Ice/Summ       0%         N/A       100%        4
 Agony                    Necr           0%         N/A       100%        5
 Blade Hands              Tmut           0%         N/A       100%        5
 Freezing Cloud           Conj/Ice/Air   0%         6-21      100%        5
 Irradiate                Conj/Tmut      0%         3d11      100%        5
 Iskenderun's Battlesphe  Conj           0%         2d6       100%        5
 Silence                  Hex/Air        0%         N/A       100%        5
 Summon Mana Viper        Hex/Summ       0%         N/A       100%        5
 Yara's Violent Unravell  Hex/Tmut       0%         3d3       100%        5
 Conjure Ball Lightning   Conj/Air       0%         3x3d6     100%        6
 Iron Shot                Conj/Erth      0%         9d1       100%        6
 Simulacrum               Ice/Necr       0%         N/A       100%        6
 Dragon Form              Tmut           0%         N/A       100%        7
 Enfeeble                 Hex            0%         N/A       100%        7
 Monstrous Menagerie      Summ           0%         N/A       100%        7
 Ozocubu's Refrigeration  Ice            0%         4d7       100%        7
 Spellforged Servitor     Conj/Summ      0%         N/A       100%        7
 Storm Form               Tmut/Air       0%         N/A       100%        7
 Infestation              Necr           0%         N/A       100%        8
 Lehudib's Crystal Spear  Conj/Erth      0%         10d2      100%        8
 Chain Lightning          Conj/Air       0%         N/A       100%        9
 Polar Vortex             Ice            0%         N/A       100%        9
 Blink                    Tloc           Unusable   N/A       N/A         2
 Swiftness                Air            Unusable   N/A       N/A         3

Dungeon Overview and Level Annotations

Branches:
Dungeon (15/15)            Temple (1/1) D:4            Lair (5/5) D:8
  Swamp (4/4) Lair:3       Spider (4/4) Lair:3        Slime (5/5) Lair:4
    Orc (2/2) D:9             Elf (3/3) Orc:2        Vaults (0/5) D:14
 Depths (4/4) D:15            Zot (0/5) Depths:4      Sewer (visited)
Ossuary (visited)          Bailey (visited)           IceCv (visited)
Volcano (visited)         Gauntlet (visited)

Altars:
Ashenzari
Cheibriados
Dithmenos
Elyvilon
Fedhas
Gozag
Hepliaklqana
Kikubaaqudgha
Makhleb
Nemelex Xobeh
Okawaru
Qazlal
Ru
Sif Muna
Trog
Uskayaw
Vehumet
Wu Jian
Xom
Yredelemnul
Zin
The Shining One
Jiyva
Lugonu

Shops:
D:3 (   D:5 [   D:13 [[[   Orc:1 ?   Orc:2 *[=(   Elf:1 *   Elf:2 (
Depths:1 :==*   Depths:4 [?[(

Portals:
Hell: Depths:1 Depths:2 Depths:3 Depths:4
Abyss: Depths:3 Depths:4
Pandemonium: Depths:1 Depths:2
Ziggurat: Depths:2
Trove: D:10 (give +7 demon whip)

Annotations:
D:6 3 runed translucent doors, BobG's ghost, novice HOGl
D:15 2 transporters, MuffinSoup's ghost, journeyman OpHW
Spider:2 1 runed translucent door, Zosacw's ghost, adept HaHu
Elf:1 2 transporters
Depths:2 1 runed translucent door
Depths:4 6 runed translucent doors


Innate Abilities, Weirdness & Mutations

You cannot be hasted, slowed, berserked, paralysed or teleported.
You can dig through walls and to a lower floor.
You have a pair of large antennae on your head. (SInv)
Your four strong arms can wield two-handed weapons with a shield.
You are frail. (-10% HP)
You are vulnerable to heat. (rF-)


Message History

The rockslime hits you!
* * * LOW HITPOINT WARNING * * *
You hold your ground!
The azure jelly hits you!
* * * LOW HITPOINT WARNING * * *
The azure jelly freezes you. You resist.
* * * LOW HITPOINT WARNING * * *
The azure jelly misses you. The azure jelly closely misses you.
You block the azure jelly's attack.
The acid blob jiggles.
The acid blob spits acid at you. The splash of acid hits you. You resist.
* * * LOW HITPOINT WARNING * * *
The acid corrodes you!
The rockslime hits you but does no damage.
Unknown command.
Unknown command.
Unknown command.
Okay, then.
You feel much better. You block the azure jelly's attack.
The azure jelly hits you but does no damage.
The azure jelly hits you.
* * * LOW HITPOINT WARNING * * *
The azure jelly barely misses you.
The azure jelly hits you but does no damage.
You block the azure jelly's attack. x3
The azure jelly hits you but does no damage. x3
The azure jelly barely misses you.
The acid blob hits you but does no damage.
The rockslime barely misses you.
The azure jelly jiggles.
The azure jelly misses you. The azure jelly closely misses you.
The azure jelly hits you but does no damage. x2
The rockslime hits you!!
* * * LOW HITPOINT WARNING * * *
You hold your ground!
The acid blob spits acid at you. The splash of acid hits you. You resist.
* * * LOW HITPOINT WARNING * * *
The azure jelly hits you!
You die...

###
#....................
#.....................
###...................
#...................
####................
###..<...........
##########{............
#...JJJJ#J{............
#..JJ@JJ#{............
####JJJ###............
##J## ##...........
#.## ##.......... ##
####..##### #### #


You could see 2 acid blobs, 7 azure jellies, 2 rockslimes and a quicksilver
ooze.

Vanquished Creatures
  Dissolution (Slime:3)
  the Royal Jelly (Slime:5)
  Josephina (Depths:3)
  3 golden dragons
  6 caustic shrikes
  the Enchantress (Depths:4)
  2 liches
  A walking earthen tome (Depths:2)
  A walking divine tome (Depths:2)
  2 deep elf master archers (Elf:3)
  A deep elf blademaster (Elf:3)
  17 acid blobs
  3 sphinxes
  6 shadow dragons
  2 storm dragons
  2 thorn hunters (Swamp:4)
  A draconian monk (Depths:4)
  2 tengu reavers
  A draconian knight (Depths:4)
  8 azure jellies
  6 rockslimes
  6 fire giants
  6 emperor scorpions
  10 deep elf sorcerers (Elf:3)
  4 frost giants
  An orc warlord (Orc:2)
  5 deep elf elementalists (Elf:3)
  3 ghost moths
  8 very ugly things
  A draconian stormcaller (Depths:4)
  4 spriggan defenders
  2 spectral caustic shrikes (Depths:2)
  2 broodmothers
  11 quicksilver oozes
  8 stone giants
  4 green draconians (Depths:4)
  3 vampire knights
  4 eleionomae
  4 purple draconians (Depths:4)
  A black draconian (Depths:4)
  8 deep elf demonologists
  Nessos (D:12)
  A bunyip (shapeshifter) (Elf:1)
  2 red draconians (Depths:4)
  4 yellow draconians (Depths:4)
  7 spark wasps
  A white draconian (Depths:4)
  A minotaur (Gauntlet)
  7 deep elf annihilators
  The ghost of adept the Thaumaturge, a journeyman DjFE of Hepliaklqana (Lair:4)
  5 bunyips
  5 deep elf death magi (Elf:3)
  10 ettins
  3 merfolk javelineers
  14 fire dragons
  5 entropy weavers
  2 shambling mangroves
  3 deep elf high priests (Elf:3)
  2 yaktaur captains (Depths:4)
  Fannar (D:12)
  4 great orbs of eyes
  A rakshasa (Depths:2)
  19 hydras
  9 ice dragons
  Erolcha (D:12)
  2 ogre magi
  2 juggernaut simulacra
  2 ghost crabs
  7 spriggan air magi
  2 ironbound frosthearts (IceCv)
  3 jorogumos
  2 radroaches
  16 death yaks
  7 boulder beetles
  6 centaur warriors
  9 two-headed ogres
  14 alligators
  A merfolk avatar (Lair:5)
  10 tengu warriors
  24 dancing weapons
  5 deep troll shamans (Depths:1)
  4 deep troll earth magi
  3 spriggan berserkers
  3 vampire magi
  Nergalle (D:10)
  16 hell knights
  2 orc high priests
  2 titan skeletons (Depths:2)
  5 skysharks
  3 soul eaters (Depths:2)
  25 deep elf knights
  A golden dragon zombie (Depths:2)
  A salamander mystic (Volcano)
  A goliath frog (Swamp:2)
  3 pharaoh ants
  A spectral death yak (Lair:4)
  9 orb spiders
  2 sea snakes (Lair:5)
  7 iron trolls
  A glowing orange brain (Depths:2)
  13 deep trolls
  2 spriggan druids (Swamp:2)
  7 bog bodies
  14 deep elf archers
  A shadow demon (Depths:2)
  20 swamp dragons
  8 necromancers
  2 harpies (Lair:5)
  7 steelbarb worms
  A wizard (D:15)
  25 deep elf pyromancers
  25 deep elf zephyrmancers
  6 orc knights
  2 cyclopes
  5 orc sorcerers
  A tengu skeleton (Depths:1)
  6 manticores
  12 wolf spiders
  2 fire giant zombies
  8 salamanders (Volcano)
  6 shining eyes
  17 ugly things
  2 will-o-the-wisps
  A worldbinder (Gauntlet)
  2 moths of wrath
  12 elephants
  An ice statue (IceCv)
  3 black mambas
  9 demonic crawlers
  3 gargoyles
  10 cane toads
  A storm dragon simulacrum (Depths:2)
  Maurice (D:8)
  2 eyes of devastation
  4 rime drakes
  2 rime drakes (shapeshifter)
  4 torpor snails
  2 orange demons (Depths:2)
  7 kobold demonologists
  11 komodo dragons
  A yaktaur (shapeshifter) (Elf:3)
  3 yaktaurs (D:15)
  An ice devil (Depths:2)
  Psyche (D:7)
  5 tengu conjurers
  4 trolls
  8 polar bears
  A hellwing (Depths:2)
  6 meliai
  3 tyrant leeches
  28 tarantellas
  17 blink frogs
  An iron dragon simulacrum (Depths:3)
  Grinder (Sewer)
  15 hornets
  A blink frog (shapeshifter) (Elf:3)
  A frost giant simulacrum (Depths:1)
  A spectral lindwurm (Lair:4)
  3 air elementals (Elf:1)
  12 culicivoras
  A jumping spider (shapeshifter) (D:15)
  7 water elementals
  22 jumping spiders
  5 wyverns
  104 slime creatures
  61 yaks
  2 wraiths
  14 spriggans
  A human (shapeshifter) (Depths:4)
  3 fire elementals (Elf:2)
  26 redbacks
  9 golden eyes (Slime:4)
  A spectral komodo dragon (Lair:4)
  A chaos spawn (Depths:2)
  11 vampire mosquitoes
  14 swamp worms
  A hydra simulacrum (Lair:4)
  4 wargs
  3 acid dragons
  A human skeleton (Depths:2)
  11 water moccasins
  13 swamp drakes
  2 ice beasts (D:6)
  A glowing shapeshifter skeleton (Depths:1)
  37 orc warriors
  4 black bears
  3 boggarts (Gauntlet)
  31 wolves
  8 centaurs
  6 ogres
  3 phantoms
  An elf zombie (Ossuary)
  Blork the orc (Orc:2)
  6 kobold brigands
  5 earth elementals
  7 bullfrogs
  9 scorpions
  2 hornet simulacra
  6 wights
  3 killer bees (D:10)
  6 electric eels
  3 howler monkeys (D:12)
  A human zombie (Ossuary)
  2 centaur zombies (Ossuary)
  A cerulean imp (D:7)
  2 sleepcaps (D:6)
  14 orc priests
  2 gnoll boudas (D:8)
  2 hounds
  5 jellies
  3 iguanas
  32 orc wizards
  5 hell rats (Lair:3)
  2 hound zombies (Ossuary)
  3 mummies (Ossuary)
  14 gnolls
  14 adders
  3 white imps
  8 ufetubi
  4 adder zombies (Ossuary)
  A worm (D:3)
  4 dart slugs
  66 orcs
  7 endoplasms
  6 giant cockroaches
  A gnoll zombie (Ossuary)
  12 goblins
  10 hobgoblins
  10 jackals
  2 quokkas
  5 ball pythons
  6 bats
  3 frilled lizards
  A giant cockroach zombie (Sewer)
  4 goblin zombies (Ossuary)
  4 hobgoblin zombies (Ossuary)
  5 jackal zombies (Ossuary)
  33 kobolds
  3 kobold zombies
  2 orc zombies (Ossuary)
  3 quokka zombies (Ossuary)
  3 rats
  4 rat zombies (Ossuary)
  2 briar patches (Swamp:4)
1627 creatures vanquished.

Vanquished Creatures (others)
  A frost giant (Depths:3)
  A juggernaut simulacrum (Depths:3)
  A deep elf knight (Elf:3)
  A deep elf zephyrmancer (Elf:2)
  A tengu simulacrum (Depths:3)
  A kobold (D:9)
  A bush (Lair:5)
  6 foxfires
  44 fungi
  66 plants
123 creatures vanquished.

Grand Total: 1750 creatures vanquished

Notes
Turn   | Place    | Note
-------+----------+-------------------------------------------
     0 | D:1      | dorian the Formicid Fighter began the quest for the Orb.
     0 | D:1      | Reached XP level 1. HP: 18/18 MP: 1/1
   205 | D:1      | Reached XP level 2. HP: 24/24 MP: 2/2
   330 | D:1      | Reached XP level 3. HP: 28/29 MP: 3/3
  1074 | D:2      | Found a glowing silver altar of Zin.
  1368 | D:2      | Reached XP level 4. HP: 32/35 MP: 4/4
  1632 | D:2      | Found a faded altar of an unknown god.
  1654 | D:2      | Identified the +0 chain mail "Sepoirir" {-Cast rPois rF+}
  2220 | D:3      | Reached skill level 5 in Shields
  2220 | D:3      | Reached XP level 5. HP: 36/41 MP: 5/5
  2519 | D:3      | Reached XP level 6. HP: 43/47 MP: 6/6
  2536 | D:3      | Found a glowing drain.
  2560 | Sewer    | Entered a sewer
  2741 | Sewer    | Found an ancient bone altar of Kikubaaqudgha.
  2763 | Sewer    | Noticed Grinder
  2774 | Sewer    | Reached skill level 5 in Long Blades
  2774 | Sewer    | Reached XP level 7. HP: 24/52 MP: 7/7
  2775 | Sewer    | Reached skill level 5 in Armour
  2808 | Sewer    | Killed Grinder
  3249 | D:3      | Found Yrghaq's Weapon Shop.
  3707 | D:4      | Reached XP level 8. HP: 58/58 MP: 8/8
  3958 | D:4      | Found a glowing silver altar of Zin.
  3964 | D:4      | Found an iron altar of Okawaru.
  3964 | D:4      | Found a broken altar of Ashenzari.
  4253 | D:4      | Found a staircase to the Ecumenical Temple.
  4263 | Temple   | Entered the Ecumenical Temple
  4356 | Temple   | Became a worshipper of the Wu Jian Council
  4474 | D:5      | Entered Level 5 of the Dungeon
  4858 | D:5      | Found Memunn's Antique Armour Shoppe.
  4861 | D:5      | Found a sand-covered staircase.
  4862 | D:5      | Bought a slimy cloak for 247 gold pieces
  4862 | D:5      | Identified the +2 cloak of Quantum Leap {+Blink} (You
                  | bought it in a shop on level 5 of the Dungeon)
  4878 | Ossuary  | Entered an ossuary
  4966 | Ossuary  | Reached * piety under Wu Jian
  5104 | Ossuary  | Reached XP level 9. HP: 47/64 MP: 9/9
  5417 | D:5      | Bought a pair of runed gloves for 195 gold pieces
  5625 | D:5      | Found an opulent altar of Gozag.
  5625 | D:5      | Found a sparkling altar of Nemelex Xobeh.
  5761 | D:5      | Found a radiant altar of Vehumet.
  5761 | D:5      | Found a stormy altar of Qazlal.
  6038 | D:6      | Found a runed translucent gate.
  6038 | D:6      | Found a runed translucent gate.
  6038 | D:6      | Found a runed translucent gate.
  6038 | D:6      | Noticed BobG's ghost (novice HOGl)
  6317 | D:6      | Reached ** piety under Wu Jian
  7404 | D:7      | Found a hide-covered altar of Uskayaw.
  7563 | D:8      | Noticed Psyche
  7574 | D:7      | Killed Psyche
  7575 | D:7      | Reached XP level 10. HP: 63/70 MP: 10/10
  7666 | D:8      | Reached skill level 10 in Long Blades
  7834 | D:8      | Reached skill level 10 in Armour
  7834 | D:8      | Reached XP level 11. HP: 75/75 MP: 11/11
  7855 | D:8      | Identified a scroll of acquirement
  7857 | D:8      | Acquired the ring of Xom's Fair Game {rElec rF+ Str+6
                  | Dex+5}
  8041 | D:8      | Learned a level 3 spell: Stone Arrow
  8044 | D:8      | Learned a level 2 spell: Passwall
  8122 | D:8      | Noticed a two-headed ogre
  8128 | D:8      | Noticed Maurice
  8174 | D:8      | Killed Maurice
  8238 | D:8      | Killed a two-headed ogre
  8612 | D:8      | Found a staircase to the Lair.
  8885 | D:10     | Entered Level 10 of the Dungeon
  9019 | D:9      | Reached *** piety under Wu Jian
  9073 | D:9      | Found a flagged portal.
  9084 | Bailey   | Entered a bailey
  9309 | Bailey   | Noticed an orc knight
  9309 | Bailey   | Noticed an orc knight
  9354 | Bailey   | Killed an orc knight
  9354 | Bailey   | Killed an orc knight
  9354 | Bailey   | Reached XP level 12. HP: 12/81 MP: 12/12
  9899 | D:9      | Reached **** piety under Wu Jian
 10053 | D:9      | Found a staircase to the Orcish Mines.
 10238 | D:10     | Found a burning altar of Makhleb.
 10637 | D:10     | Noticed Nergalle
 10648 | D:10     | Killed Nergalle
 10846 | D:10     | Found a portal to a secret trove of treasure.
 12079 | D:12     | Noticed Nessos
 12130 | D:11     | Noticed a sea snake
 12294 | Orc:1    | Entered Level 1 of the Orcish Mines
 12692 | Orc:2    | Entered Level 2 of the Orcish Mines
 12772 | Orc:2    | Found a frozen archway.
 12781 | IceCv    | Entered an ice cave
 13257 | IceCv    | Reached XP level 13. HP: 80/88 MP: 13/13
 13346 | IceCv    | Reached skill level 15 in Long Blades
 13841 | IceCv    | Reached skill level 5 in Fighting
 13873 | IceCv    | Noticed an ironbound frostheart
 13962 | IceCv    | Noticed an ironbound frostheart
 13988 | IceCv    | Killed an ironbound frostheart
 14077 | IceCv    | Killed an ironbound frostheart
 15025 | Orc:1    | Found Igufro's Magic Scroll Emporium.
 15036 | Orc:1    | Reached ***** piety under Wu Jian
 15895 | Orc:2    | Reached XP level 14. HP: 100/100 MP: 14/14
 16202 | Orc:2    | Found a staircase to the Elven Halls.
 16255 | Orc:2    | Noticed an orc warlord
 16291 | Orc:2    | Killed an orc warlord
 16686 | Orc:2    | Noticed Blork the orc
 16692 | Orc:2    | Killed Blork the orc
 16899 | Orc:2    | Found Riph's Antique Armour Boutique.
 16906 | Orc:2    | Found Ohif's Antique Weapon Boutique.
 16908 | Orc:2    | Found Tuath's Jewellery Boutique.
 17101 | Orc:2    | Found Cotoxoth's General Store.
 17779 | D:12     | Killed Nessos
 17972 | D:12     | Found a white marble altar of Elyvilon.
 18069 | D:12     | Noticed Fannar
 18075 | D:12     | Noticed Erolcha
 18091 | D:12     | Killed Erolcha
 18096 | D:12     | Killed Fannar
 18685 | D:13     | Found Xyhos's Antique Armour Shop.
 18712 | D:13     | Found Ceageypt's Antique Armour Shop.
 18721 | D:13     | Bought an embroidered cloak for 195 gold pieces
 19063 | D:13     | Found an opulent altar of Gozag.
 19193 | D:13     | Found Utze's Armour Emporium.
 19520 | D:14     | Reached skill level 15 in Armour
 19668 | D:14     | Found a gate to the Vaults.
 20186 | Lair:1   | Entered Level 1 of the Lair of Beasts
 20390 | Lair:1   | Found a dark tunnel.
 20399 | Volcano  | Entered a volcano
 20495 | Volcano  | Reached XP level 15. HP: 43/110 MP: 15/15
 22401 | Lair:3   | Found a gate leading to a gauntlet.
 22420 | Gauntlet | Entered a Gauntlet
 22420 | Gauntlet | Found a transporter.
 22420 | Gauntlet | Found a transporter.
 22432 | Gauntlet | Found a transporter.
 22449 | Gauntlet | Found a transporter.
 22449 | Gauntlet | Found a transporter.
 22488 | Gauntlet | Found a transporter.
 22501 | Gauntlet | Found a transporter.
 22519 | Gauntlet | Found a transporter.
 22522 | Gauntlet | Found a transporter.
 22522 | Gauntlet | Found a transporter.
 22536 | Gauntlet | Found a transporter.
 22550 | Gauntlet | Found a transporter.
 22554 | Gauntlet | Found a runed translucent door.
 22561 | Gauntlet | Found a transporter.
 22565 | Gauntlet | Found a transporter.
 23048 | Gauntlet | Identified the ring of Naedaxe {rN+ Will+ EV+5 Int+8 Dex-3}
 23593 | Lair:3   | Found a staircase to the Swamp.
 24258 | Lair:3   | Reached ****** piety under Wu Jian
 24476 | Lair:3   | Acquired 811 gold pieces
 24641 | Lair:3   | Found a hole to the Spider Nest.
 25028 | Lair:4   | Identified the +5 robe of Beyond {rElec rF- rC+ Will+}
 25031 | Lair:4   | Found a runed translucent gate.
 25034 | Lair:4   | Found a runed translucent gate.
 25038 | Lair:4   | Found a runed translucent gate.
 25039 | Lair:4   | Noticed adept's ghost (journeyman DjFE)
 25264 | Lair:4   | Found a viscous altar of Jiyva.
 25303 | Lair:4   | Found a staircase to the Slime Pits.
 25785 | Lair:4   | Killed adept's ghost
 25863 | Lair:4   | Reached skill level 10 in Fighting
 25863 | Lair:4   | Reached XP level 16. HP: 122/122 MP: 16/16
 25887 | Lair:5   | Entered Level 5 of the Lair of Beasts
 26010 | Lair:5   | Reached XP level 17. HP: 128/128 MP: 17/17
 26747 | Lair:5   | Identified the +0 pair of gloves "Sech" {rPois Regen+ Str-5
                  | Dex+8}
 27687 | Spider:1 | Entered Level 1 of the Spider Nest
 28111 | Spider:1 | Identified the +0 robe of Ushunun {rN+ Str-2 Int+2}
 28385 | Spider:1 | Identified the +0 mace "Suoppuj" {vamp, Str+4 Int+2}
 29348 | Spider:2 | Found a runed translucent door.
 29353 | Spider:2 | Noticed Zosacw's ghost (adept HaHu)
 29414 | Spider:2 | Reached XP level 18. HP: 75/138 MP: 18/18
 29568 | Spider:2 | You fall into a shaft and drop 1 floor!
 30872 | Spider:4 | Entered Level 4 of the Spider Nest
 32411 | Spider:4 | Got a gossamer rune of Zot
 32925 | D:15     | Entered Level 15 of the Dungeon
 33382 | D:15     | Reached skill level 1 in Evocations
 33466 | D:15     | Found a transporter.
 33469 | D:15     | Noticed MuffinSoup's ghost (journeyman OpHW)
 33502 | D:15     | Reached XP level 19. HP: 148/148 MP: 19/19
 33650 | D:15     | Found a transporter.
 33700 | D:15     | Found a staircase to the Depths.
 34026 | Depths:1 | Entered Level 1 of the Depths
 34129 | Depths:1 | Found a one-way gate leading to the halls of Pandemonium.
 34320 | Depths:1 | Found Plog's Book Shoppe.
 34320 | Depths:1 | Found Heamud's Jewellery Shop.
 34321 | Depths:1 | Found Timpish's Jewellery Shop.
 34331 | Depths:1 | Bought the ring "Bojaud" {rF+ rCorr Dex+7 Slay+4 Stlth-}
                  | for 1474 gold pieces
 34621 | Depths:1 | Found Seitury's General Store.
 34699 | Depths:1 | Found a glowing golden altar of the Shining One.
 35043 | Depths:1 | Found a gateway to Hell.
 35324 | Depths:2 | You fall into a shaft and drop 1 floor!
 35347 | Depths:3 | Reached skill level 15 in Shields
 35602 | Depths:3 | Reached skill level 5 in Evocations
 35655 | Depths:3 | Found a one-way gate to the infinite horrors of the Abyss.
 35679 | Depths:2 | Found a one-way gateway to a ziggurat.
 36045 | Depths:2 | Reached XP level 20. HP: 133/158 MP: 20/20
 36046 | Depths:2 | Noticed a caustic shrike
 36052 | Depths:2 | Killed a caustic shrike
 37169 | Depths:2 | Found a runed translucent door.
 37319 | Depths:2 | Identified the +12 morningstar "Talemm" {drain, Fly Str+4
                  | Dex-3}
 38379 | Depths:3 | Identified the ring "Zafeed" {Ice rElec}
 38379 | Depths:3 | Noticed Josephina
 38518 | Depths:3 | Killed Josephina
 38721 | Depths:3 | Noticed a golden dragon
 38732 | Depths:3 | Killed a golden dragon
 38733 | Depths:3 | Reached XP level 21. HP: 155/166 MP: 21/21
 38740 | Depths:3 | Reached skill level 15 in Fighting
 39049 | Depths:4 | Entered Level 4 of the Depths
 39239 | Depths:4 | Noticed a golden dragon
 39259 | Depths:4 | Killed a golden dragon
 39517 | Depths:4 | Found a sacrificial altar of Ru.
 39677 | Depths:4 | Found a sparkling altar of Nemelex Xobeh.
 39757 | Depths:4 | Noticed the Enchantress
 39759 | Depths:4 | Noticed a golden dragon
 39785 | Depths:4 | Killed the Enchantress
 39890 | Depths:4 | Noticed a caustic shrike
 39890 | Depths:4 | Noticed a caustic shrike
 39891 | Depths:4 | Noticed a caustic shrike
 39911 | Depths:4 | Killed a caustic shrike
 39918 | Depths:4 | Killed a caustic shrike
 39928 | Depths:4 | Killed a caustic shrike
 39992 | Depths:4 | Noticed a caustic shrike
 39992 | Depths:4 | Noticed a caustic shrike
 40007 | Depths:4 | Killed a caustic shrike
 40012 | Depths:4 | Killed a caustic shrike
 40089 | Depths:4 | Found Vinatwi's Antique Weapon Shop.
 40212 | Depths:4 | Found Qesac's Armour Shop.
 40215 | Depths:4 | Found Imeruham's Magic Scroll Boutique.
 40216 | Depths:4 | Found Muze's Antique Armour Shop.
 40260 | Depths:4 | Killed a golden dragon
 40401 | Depths:4 | Found a corrupted altar of Lugonu.
 40749 | Depths:4 | Reached skill level 10 in Evocations
 40976 | Depths:4 | Found a runed translucent door.
 40983 | Depths:4 | Found a runed translucent door.
 40988 | Depths:4 | Found a runed translucent door.
 40993 | Depths:4 | Found a runed translucent door.
 41005 | Depths:4 | Found a runed translucent door.
 41042 | Depths:4 | Found a runed translucent door.
 41120 | Depths:4 | Found a gate to the Realm of Zot.
 41224 | Depths:4 | Reached XP level 22. HP: 139/177 MP: 22/22
 41617 | Elf:1    | Entered Level 1 of the Elven Halls
 42015 | Elf:1    | Found a transporter.
 42244 | Elf:1    | Found a transporter.
 42390 | Elf:1    | Found Futolym's General Store.
 42766 | Elf:2    | Found Fevegru's Antique Weapon Boutique.
 43063 | Elf:2    | Found a runed translucent gate.
 43064 | Elf:2    | Found a runed translucent gate.
 43069 | Elf:2    | Found a runed translucent gate.
 44134 | Elf:3    | Entered Level 3 of the Elven Halls
 45531 | Orc:1    | Bought a scroll of fear for 72 gold pieces
 45531 | Orc:1    | Bought a scroll of silence for 171 gold pieces
 45531 | Orc:1    | Bought a scroll of brand weapon for 171 gold pieces
 45531 | Orc:1    | Bought a scroll of fog for 72 gold pieces
 45731 | Elf:3    | Reached XP level 23. HP: 168/169 MP: 23/23
 45947 | Elf:3    | Identified the +6 short sword "Jueweq" {speed, Contam rElec
                  | rN+}
 45981 | Elf:3    | Identified the +8 mace of Mietwi {antimagic, rF+ rCorr
                  | Int-2}
 46166 | Elf:3    | Identified the +0 scale mail of Loss {Str+3}
 46330 | Elf:3    | Got the Almanac of Stolen Souls and Curses
 46335 | Elf:3    | Identified the +1 pair of gloves of Loss {Dex+4}
 46336 | Elf:3    | Identified the +7 plate armour "Zufighij" {Int+3}
 46403 | Elf:3    | Got the Catalogue of the Salvo and Metal
 47464 | Swamp:1  | Entered Level 1 of the Swamp
 47530 | Swamp:1  | Reached skill level 1 in Throwing
 48940 | Swamp:3  | Reached skill level 5 in Throwing
 49366 | Swamp:4  | Entered Level 4 of the Swamp
 49805 | Swamp:4  | Identified the +4 plate armour of Okawaru's Supremacy {+Inv
                  | rPois Will++ Dex-3}
 50012 | Swamp:4  | Reached XP level 24. HP: 200/200 MP: 23/23
 50050 | Swamp:4  | Got a decaying rune of Zot
 50399 | Slime:1  | Entered Level 1 of the Pits of Slime
 50402 | Slime:1  | Gained mutation: You are frail. (-10% HP) [a shining eye]
 50537 | Slime:1  | Gained mutation: You are vulnerable to heat. (rF-) [a
                  | shining eye]
 51276 | Slime:2  | Found a viscous altar of Jiyva.
 52935 | Slime:3  | Noticed Dissolution
 52950 | Slime:3  | Killed Dissolution
 52951 | Slime:3  | Reached skill level 10 in Throwing
 53774 | Slime:5  | Entered Level 5 of the Pits of Slime
 54012 | Slime:5  | Noticed the Royal Jelly
 54696 | Slime:5  | Killed the Royal Jelly
 54709 | Slime:5  | HP: 7/182 [azure jelly[the Royal Jelly] (6)]
 54710 | Slime:5  | HP: 1/182 [acid blob/splash of acid[the Royal Jelly] (4)]
 54710 | Slime:5  | Mangled by an azure jelly

Illustrated notes

Levels and vault maps discovered:
D:1:      enne_arrival_octagon_isle, layout_basic,
          hangedman_decor_clover_reticule
D:2:      layout_basic, basic_altar, ebering_ecumenical_altar_box
D:3:      layout_basic, gup_sewer_entry_glass, serial_shops,
          nicolae_shop_bloodbath_and_beyond, chequers_serial_rivers_micro_c
D:4:      layout_cave_pools, gammafunk_temple_overflow_forgotten,
          minmay_temple_entry_steel_oval, dreamdust_wishing_well,
          kennysheep_potato
D:5:      layout_basic, grunt_temple_overflow_opulence, minitemple,
          enter_ossuary_1, serial_shops, shop, grunt_decor_junction,
          minmay_quadrilaterals
D:6:      layout_basic, biasface_ghost_orc_armoury
D:7:      layout_rooms, lemuel_coloured_pillars_altar, kennysheep_generic_room_8
D:8:      layout_basic, grunt_lair_entry_orc_guard_hut,
          kennysheep_generic_room_15, uniq_psyche, uniq_maurice
D:9:      layout_cave_pools, david_orc_4, enter_bailey_3
D:10:     layout_cave_pools, bloody_makhleb, nicolae_trove_entry_diagonal,
          hangedman_decor_riveting, minmay_misc_feat_secret_circle,
          uniq_nergalle
D:11:     layout_loops_ring, serial_aquarium, aquarium_bridge_straight
          [aquarium_subvault_bridge, aquarium_subvault_balcony,
          aquarium_subvault_bridge, aquarium_subvault_wall],
          aquarium_window_corridor_3, aquarium_window_fake, aquarium_window_2,
          aquarium_window_fake, aquarium_view_2d, aquarium_balcony_3b,
          aquarium_pool_side
D:12:     layout_long_grid, grunt_ministairs_2, nicolae_elyvilon_peaceful_grove,
          uniq_fannar, uniq_nessos, uniq_erolcha
D:13:     layout_small_grid, serial_shops, shop, shop, nicolae_shop_tiny_glass,
          grunt_gozag_breadcrumbs
D:14:     layout_rooms, david_vaults_2, serial_bayou_lagoon_a
D:15:     hangedman_depths_entry_civil_slaughter, layout_long_grid,
          gammafunk_ghost_arena, nicolae_lava_and_water, kb_rosetta
Temple:   dshaligram_water_room_temple
Lair:1:   layout_regular_city, nicolae_volcano_entry_two_sided,
          serial_bayou_ford_a, nicolae_quartered_pool_medium,
          lemuel_fruit_fields, serial_bayou_shore_b
Lair:2:   layout_chaotic_city
Lair:3:   layout_roguey, swamp_mist_pool, spider_nest_entry_funnel_web,
          gauntlet_entry_generic, grunt_megastairs_3
Lair:4:   layout_roguey, nicolae_slime_entry_field_trip,
          gammafunk_ghost_necromancy, lemuel_fruit_tree
Lair:5:   gammafunk_lair_ancient_temple, layout_cave_pods,
          infiniplex_staircase_pool_2
Swamp:1:  layout_falls_marsh, serial_swamp_ruin, evilmike_swamp_ruin_rubble_2,
          evilmike_swamp_ruin_rubble_1
Swamp:2:  layout_basic_swamp, nicolae_swamp_oxbows, swamp_pool5
Swamp:3:  layout_basic_swamp, nicolae_swamp_stair_fork, swamp_pool1,
          st_swamp_ruins_1
Swamp:4:  swamp_basic_johnstein, layout_basic_swamp, swamp_pool5
Spider:1: layout_spider_delve, hangedman_spider_tarantella_strand
Spider:2: layout_cave_pods, ebering_ghost_reflecting_pool
Spider:3: layout_spider_delve
Spider:4: hellmonk_spider_rune_bug_friends, nicolae_spider_nooks_and_crannies
Slime:1:  layout_caves
Slime:2:  nicolae_slime_pool, layout_caves, basic_altar,
          nicolae_slime_crime_time
Slime:3:  layout_caves, cheibrodos_slime_lost_civilization_5, uniq_dissolution
Slime:4:  layout_caves
Slime:5
Orc:1:    layout_caves, serial_shops, shop, basic_altar, nicolae_orc_rockfall
Orc:2:    grunt_orc_cross, layout_diamond_mine, portal_ice_cave_entry_pillars_2
Elf:1:    layout_loops_corners, serial_shops, shop,
          gammafunk_ghost_abyssal_escape, evilmike_minifort
Elf:2:    elven_hall_of_blades_hangedman_original
          [nicolae_vaults_blade_armed_guards], layout_geoelf_octagon,
          serial_shops, nicolae_shop_waterfront, nicolae_elf_v_pinch
Elf:3:    minmay_elf_hall_spiked, layout_geoelf_castle, grunt_megastairs_5
Depths:1: layout_gridlike, serial_curves, eino_curves_02, eino_curves_01,
          grunt_decor_fettered, rand_demon_pan_entry_3, grunt_metal_band,
          serial_shops, nicolae_shop_stone, tso_altar, minmay_shop_grove,
          serial_bayou_shore_a
Depths:2: minmay_the_grid_triangle_9x9_rhombus_full_mashed
          [minmay_the_grid_triangle_9x9_flanged_cone,
          minmay_the_grid_triangle_9x9_empty,
          minmay_the_grid_triangle_9x9_warning,
          minmay_the_grid_triangle_9x9_subtriangle,
          minmay_the_grid_triangle_9x9_descending_squares,
          minmay_the_grid_triangle_9x9_impossible_snake,
          minmay_the_grid_triangle_9x9_from_above,
          minmay_the_grid_triangle_9x9_prize_insulated], layout_long_grid,
          enter_ziggurat_d, pf_hell_entry_tar_river, grunt_pan_entry_in_and_out
Depths:3: kennysheep_big_flooded_room, layout_gridlike, grunt_hell_entry_dis_mu,
          abyss_entry_glasseish, serial_bayou, serial_bayou_shore_b,
          serial_bayou_pond_e, serial_bayou_crossing, serial_bayou_pond_d,
          hellmonk_bongcloud_opening, minmay_staircase_statues_hall_small,
          uniq_josephina
Depths:4: evilmike_zot_entry_castle, layout_gridlike, serial_shops,
          nicolae_shop_peninsula, abyss_entry_flame_altar,
          nicolae_ru_path_of_blood, hell_entry, nemelex_diamond_rough_becter,
          minmay_shop_star, uniq_enchantress

Skill      XL: |  1  2  3  4  5  6  7  8  9 10 11 12 13 14 15 16 17 18 19 20 21 22 23 24 |
---------------+-------------------------------------------------------------------------+-----
Long Blades    | 3 4 5 6 7 9 12 13 14 16 17 18 19 20 21 22 23 | 23.5
Armour         | 4 5 6 8 10 12 13 15 17 18 20 21 22 23 | 23.4
Shields        | 5 6 7 9 11 12 14 15 16 18 19 20 | 20.4
Fighting       | 6 8 10 11 12 13 14 15 17 18 19 | 19.9
Evocations     | 1 5 8 10 11 | 11.8
Throwing       | 7 11 | 11.7

Action                     |  1- 3 |  4- 6 |  7- 9 | 10-12 | 13-15 | 16-18 | 19-21 | 22-24 || total
---------------------------+-------+-------+-------+-------+-------+-------+-------+-------++-------
  Melee: Long sword        |    79 |   185 |   475 |   332 |       |       |       |       ||  1071
         Unarmed           |       |       |     4 |     1 |       |       |       |       ||     5
         Falchion          |       |       |       |   480 |  2061 |   784 |       |       ||  3325
         Halberd           |       |       |       |       |     8 |     7 |     7 |       ||    22
         Great sword       |       |       |       |       |    36 |   855 |   237 |       ||  1128
         Demon blade       |       |       |       |       |       |       |  1221 |  1679 ||  2900
  Throw: Boomerang         |       |       |       |     4 |    19 |     2 |       |     8 ||    33
         Javelin           |       |       |       |       |       |       |       |    11 ||    11
 Invoke: Serpent's Lash    |       |       |       |     4 |     9 |    10 |    20 |    15 ||    58
         Heavenly Storm    |       |       |       |       |       |     1 |     1 |     1 ||     3
Ability: Lunge             |       |       |    13 |    31 |    54 |    52 |    67 |   119 ||   336
         Whirlwind         |       |       |       |    20 |    36 |    42 |    61 |   144 ||   303
         Dig               |       |       |       |     2 |     3 |     1 |     3 |     5 ||    14
         Wall Jump         |       |       |       |     2 |     4 |     3 |     5 |     2 ||    16
  Evoke: Wand              |       |       |     1 |       |       |       |       |     4 ||     5
         Lightning rod     |       |       |       |       |     2 |       |       |     3 ||     5
         Phantom mirror    |       |       |       |       |       |       |       |     1 ||     1
    Use: Scroll            |     2 |     4 |    16 |     7 |     3 |     1 |     4 |    18 ||    55
         Potion            |       |     2 |     2 |     2 |    12 |     3 |     7 |     6 ||    34
   Stab: Distracted        |       |       |       |       |       |       |     1 |     4 ||     5
 Armour: Scale mail        |    36 |    12 |       |       |       |       |       |       ||    48
         Chain mail        |       |   131 |   213 |   148 |     4 |       |       |       ||   496
         Skin              |       |       |     2 |       |       |       |       |       ||     2
         Crystal plate arm |       |       |       |     6 |   574 |   884 |   589 |   628 ||  2681
  Dodge: Dodged            |    34 |   106 |   105 |   124 |   170 |   336 |   205 |   358 ||  1438
  Block: Buckler           |    18 |    67 |    13 |       |       |       |       |       ||    98
         Kite shield       |       |       |   242 |   565 |  1331 |  1345 |   744 |   972 ||  5199
         Reflection        |       |       |     1 |    30 |    33 |       |       |    63 ||   127
